 Dungeon Crawl Stone Soup version 0.21-a0-552-g593960d (webtiles) character file.

3676 Gaball the Carver (level 9, -11/65 HPs)
             Began as a Demonspawn Gladiator on Dec 17, 2017.
             Was a Follower of Cheibriados.
             Mangled by a two-headed ogre
             ... wielding a +0 giant club
              (17 damage)
             ... on level 8 of the Dungeon.
             The game lasted 00:21:51 (7860 turns).

Gaball the Carver (Demonspawn Gladiator)            Turns: 7860, Time: 00:21:51

Health: -11/65     AC:  8    Str: 21    XL:     9   Next: 89%
Magic:  9/9        EV: 10    Int: 12    God:    Cheibriados [*.....]
Gold:   444        SH:  8    Dex: 18    Spells: 8/8 levels left

rFire    . . .     SeeInvis .   M - +2 rapier (venom)
rCold    + . .     Gourm    .   L - +0 buckler
rNeg     . . .     Faith    .   E - +1 scale mail {rC+}
rPois    .         Spirit   .   (helmet restricted)
rElec    .         Reflect  .   (no cloak)
rCorr    .         Harm     .   A - +0 pair of gloves
MR       .....                  (no boots)
Stlth    ..........             y - amulet of regeneration
HPRegen  0.60/turn              (no ring)
MPRegen  0.11/turn              (no ring)

@: very slightly contaminated, very slow
A: antennae 2, large bone plates 1, spiny 1
a: Bend Time, Renounce Religion


You were on level 8 of the Dungeon.
You worshipped Cheibriados.
Cheibriados was aware of your devotion.
You were not hungry.

You visited 2 branches of the dungeon, and saw 9 of its levels.
You also visited: Sewer.

You collected 477 gold pieces.
You spent 33 gold pieces at shops.

Inventory:

Hand Weapons
 a - a +0 long sword
 w - a +2 dagger of speed
 B - a +2 dagger of electrocution
 M - a +2 rapier of venom (weapon)
Missiles
 d - 3 throwing nets (quivered)
Armour
 b - a +0 leather armour
 c - a +0 helmet
 h - a +0 chain mail
 n - a +0 plate armour
 A - a +0 pair of gloves (worn)
 E - a +1 scale mail of cold resistance (worn)
 F - a +0 ring mail
 L - a +0 buckler (worn)
Jewellery
 j - an uncursed ring of flight
 t - an uncursed ring of resist corrosion
 x - an uncursed ring of protection from fire
 y - an amulet of regeneration (around neck)
 D - an uncursed ring of ice {unknown}
Wands
 G - a wand of iceblast (8)
 I - a wand of polymorph (21)
 N - a wand of enslavement (4)
Scrolls
 i - a scroll of fog {unknown}
 l - a scroll of blinking
 m - a scroll of remove curse
 r - a scroll of teleportation
 u - 2 scrolls of fear {unknown}
 C - 2 scrolls of magic mapping
 K - a scroll of noise {unknown}
 P - a scroll of enchant armour {unknown}
Potions
 e - a potion of haste
 g - 3 potions of flight
 k - a potion of brilliance
 o - 4 potions of lignification
 p - 4 potions of magic
 q - a potion of curing
 H - a potion of agility {unknown}
 J - a potion of heal wounds {unknown}
Comestibles
 f - 3 bread rations
 s - 4 meat rations
 v - a fruit
 z - 2 royal jellies
 O - 6 chunks of flesh


   Skills:
 + Level 3.7 Fighting
 + Level 12.6 Long Blades
 - Level 1.7 Throwing
 - Level 2.6 Dodging


You had 8 spell levels left.
You didn't know any spells.

Dungeon Overview and Level Annotations

Branches:
Dungeon (8/15)             Temple (1/1) D:7            Lair (0/6) D:8

Altars:
Cheibriados
Dithmenos
Elyvilon
Fedhas
Hepliaklqana
Kikubaaqudgha
Makhleb
Nemelex Xobeh
Qazlal
Ru
Sif Muna
Trog
Uskayaw
Wu Jian
Xom
Yredelemnul
The Shining One

Shops:
D:5 *

Annotations:
D:6 Menkaure


Innate Abilities, Weirdness & Mutations

You have a pair of antennae on your head.
You are partially covered in large bone plates. (SH +4)
You are partially covered in sharp spines.


Message History

As you read the scroll of blinking, it crumbles to dust.
There is an open door here.
There is an open door here.
There is an open door here.
There is an escape hatch in the ceiling here.
You hit the two-headed ogre.
The two-headed ogre looks even sicker.
The two-headed ogre is moderately wounded.
A hound comes into view.
The hound barks!
You hit the two-headed ogre but do no damage.
The two-headed ogre looks as sick as possible!
The two-headed ogre is moderately wounded.
The two-headed ogre hits you with a giant club!
The two-headed ogre completely misses you.
You barely miss the two-headed ogre.
The two-headed ogre is moderately wounded.
The two-headed ogre hits you with a giant club!
* * * LOW HITPOINT WARNING * * *
The two-headed ogre hits you with a giant club!
You die...

#.........#########...####)#
########....................
#....................
#....................
...#............#...#...
.......#..............>.#...
.......#............#.......
......#....................
.....#...@....#........... ######
#...#....Oh..#...........
#....####...###+##......#.....##.
.......'.....#...#......+........
.......#.....#.O.'.....#####.###.
.......#.....'...#....## ## #
#......##...######....#
#......#######>..###..# #
...)...##...##.....#..#.# #


You could see a two-headed ogre and a hound.

Vanquished Creatures
  Pikel (D:7)
  Sigmund (D:5)
  Edmund (D:6)
  Duvessa (D:6)
  An ice beast (D:8)
  4 slaves (D:7)
  7 ogres
  A phantom (D:4)
  4 centaurs
  7 bullfrogs
  Dowan (D:6)
  A crimson imp (D:6)
  2 bullfrog zombies (D:5)
  3 bullfrog skeletons
  3 hounds
  6 orc wizards
  4 orc priests
  4 jellies
  A centaur skeleton (D:5)
  Jessica (D:2)
  5 worker ants
  4 gnolls
  A howler monkey skeleton (D:4)
  10 adders
  2 shadow imps
  4 oozes
  An adder zombie (D:6)
  An adder skeleton (D:4)
  5 worms
  2 dart slugs (D:1)
  4 leopard geckos
  45 orcs
  12 bats
  6 giant cockroaches
  8 goblins
  9 hobgoblins
  12 jackals
  4 quokkas
  2 ball pythons
  7 frilled lizards
  3 jackal skeletons
  7 kobolds
  2 leopard gecko skeletons (D:6)
  A leopard gecko zombie (D:5)
  16 rats
227 creatures vanquished.

Notes
Turn   | Place    | Note
-------+----------+-------------------------------------------
     0 | D:1      | Gaball the Demonspawn Gladiator began the quest for the Orb.
     0 | D:1      | Reached XP level 1. HP: 16/16 MP: 1/1
   238 | D:1      | Reached skill level 3 in Long Blades
   238 | D:1      | Gained mutation: You are partially covered in sharp spines. [demonic ancestry]
   238 | D:1      | Reached XP level 2. HP: 9/22 MP: 2/2
   619 | D:1      | Reached XP level 3. HP: 25/27 MP: 3/3
   677 | D:1      | Reached skill level 4 in Long Blades
   998 | D:1      | You fall through a shaft!
  1036 | D:2      | Noticed Jessica
  1040 | D:2      | Killed Jessica
  1040 | D:2      | Gained mutation: You have a pair of small antennae on your head. [demonic ancestry]
  1040 | D:2      | Reached XP level 4. HP: 33/33 MP: 4/4
  1315 | D:2      | Reached skill level 5 in Long Blades
  1447 | D:2      | Gained mutation: You are partially covered in large bone plates. (SH +4) [demonic ancestry]
  1447 | D:2      | Reached XP level 5. HP: 23/38 MP: 5/5
  1992 | D:3      | Reached skill level 6 in Long Blades
  2642 | D:4      | Reached XP level 6. HP: 43/44 MP: 6/6
  2738 | D:3      | HP: 2/44 [orc priest/divine providence (11)]
  2935 | D:4      | Reached skill level 7 in Long Blades
  2967 | D:4      | Found a glowing drain.
  2979 | Sewer    | Entered a sewer
  3056 | Sewer    | Noticed Purgy
  3262 | D:4      | Gained mutation: You have a pair of antennae on your head. [demonic ancestry]
  3262 | D:4      | Reached XP level 7. HP: 47/50 MP: 7/7
  3428 | D:4      | Reached skill level 8 in Long Blades
  3988 | D:4      | Found a shadowy altar of Dithmenos.
  4402 | D:5      | Entered Level 5 of the Dungeon
  4683 | D:5      | Reached skill level 9 in Long Blades
  4683 | D:5      | Reached XP level 8. HP: 56/56 MP: 8/8
  4927 | D:5      | Found an ancient bone altar of Kikubaaqudgha.
  4929 | D:5      | Found a glowing golden altar of the Shining One.
  4929 | D:5      | Found a white marble altar of Elyvilon.
  4930 | D:5      | Found a sacrificial altar of Ru.
  4930 | D:5      | Found a basalt altar of Yredelemnul.
  4932 | D:5      | Found an ornate altar of the Wu Jian Council.
  5073 | D:5      | Noticed Sigmund
  5095 | D:5      | Killed Sigmund
  5117 | D:5      | Found Nunk's General Store.
  5124 | D:5      | Bought a scroll of remove curse for 33 gold pieces
  5445 | D:5      | Reached skill level 10 in Long Blades
  5818 | D:6      | Noticed Edmund
  5841 | D:6      | Killed Edmund
  5902 | D:6      | Noticed Duvessa
  5947 | D:6      | Killed Duvessa
  5982 | D:6      | Noticed Dowan
  5995 | D:6      | Killed Dowan
  5995 | D:6      | Reached skill level 11 in Long Blades
  5995 | D:6      | Reached XP level 9. HP: 61/61 MP: 9/9
  6148 | D:6      | Noticed Menkaure
  6524 | D:7      | Found a staircase to the Ecumenical Temple.
  6546 | Temple   | Entered the Ecumenical Temple
  6598 | Temple   | Became a worshipper of Cheibriados the Contemplative
  6762 | D:7      | Noticed Pikel
  6777 | D:7      | Killed Pikel
  6777 | D:7      | Reached skill level 12 in Long Blades
  7060 | D:7      | Found a stormy altar of Qazlal.
  7092 | D:7      | Found a hide-covered altar of Uskayaw.
  7092 | D:7      | Found a burning altar of Makhleb.
  7092 | D:7      | Found a hazy altar of Hepliaklqana.
  7442 | D:8      | Found a hide-covered altar of Uskayaw.
  7556 | D:8      | Noticed a death yak
  7556 | D:8      | Noticed a death yak
  7574 | D:8      | Noticed a death yak
  7575 | D:8      | Noticed a death yak
  7577 | D:8      | Noticed a death yak
  7577 | D:8      | Noticed a death yak
  7599 | D:8      | Noticed a death yak
  7609 | D:8      | Found a staircase to the Lair.
  7622 | D:8      | Reached * piety under Cheibriados
  7836 | D:8      | Noticed a two-headed ogre
  7860 | D:8      | Mangled by a two-headed ogre

Vault maps used:
D:1:      roderic_octagonal_star, minmay_misc_feat_doors, minmay_strange_pillars
D:2:      grunt_decor_cap, uniq_jessica
D:3:      first_bread
D:4:      grunt_dithmenos_shadows, gup_sewer_entry_bubbles,
          minmay_three_crescents
D:5:      minitemple, serial_shops, nicolae_shop_statue_plus,
          saegor_snake_ambush, uniq_sigmund
D:6:      uniq_duvessa, uniq_edmund, uniq_menkaure
D:7:      gammafunk_temple_overflow_forgotten, kennysheep_mini_moat,
          minmay_temple_entry_statues_pillars, uniq_pikel
D:8:      dpeg_lair_monsters, basic_altar, hangedman_pestilent_swarm,
          minmay_small_thing
Temple:   minmay_temple_curvy_loop
Sewer:    sewer_co_purgy_island

Skill      XL: |  1  2  3  4  5  6  7  8  9 |
---------------+----------------------------+-----
Long Blades    | 3 4 5 6 7 9 11 12 | 12.6
Fighting       | 3 |  3.7
Throwing       | |  1.7
Dodging        | |  2.6

Action                   |  1- 3 |  4- 6 |  7- 9 || total
-------------------------+-------+-------+-------++-------
Melee: Long sword        |    56 |   102 |       ||   158
       Dagger            |       |   155 |   418 ||   573
       Rapier            |       |       |   122 ||   122
  Use: Potion            |       |     6 |     1 ||     7
       Scroll            |       |       |    11 ||    11
 Stab: Sleeping          |     1 |       |       ||     1
  Eat: Chunk             |       |     7 |     7 ||    14
       Bread ration      |       |       |     2 ||     2
Armor: Leather armour    |     5 |       |       ||     5
       Chain mail        |    23 |       |       ||    23
       Plate armour      |       |    95 |    58 ||   153
       Scale mail        |       |       |    56 ||    56
Dodge: Dodged            |    35 |    40 |   101 ||   176
Block: Other             |       |    29 |    31 ||    60
       Buckler           |       |       |    46 ||    46
       Rpst.: Long sword |    14 |     9 |       ||    23

Table legend:
 A = Spawn XP
 B = Non-spawn XP
 C = Spawn XP percentage of total XP
 D = Spawn monster count
 E = Non-spawn monster count
 F = Spawn count percentage of total count
 G = Total turns spent on level
                    A         B        C        D         E        F      G
               +---------+---------+-------+---------+---------+-------+---------
         Total |       0 |    5252 |   0.0 |       0 |     223 |   0.0 |  7860
               +---------+---------+-------+---------+---------+-------+---------
           D:1 |       0 |      66 |   0.0 |       0 |      30 |   0.0 |   998
           D:2 |       0 |     142 |   0.0 |       0 |      25 |   0.0 |   791
           D:3 |       0 |     246 |   0.0 |       0 |      33 |   0.0 |  1013
           D:4 |       0 |     819 |   0.0 |       0 |      46 |   0.0 |  1509
           D:5 |       0 |     774 |   0.0 |       0 |      21 |   0.0 |  1452
           D:6 |       0 |    1175 |   0.0 |       0 |      31 |   0.0 |   638
           D:7 |       0 |    1416 |   0.0 |       0 |      15 |   0.0 |   854
           D:8 |       0 |     609 |   0.0 |       0 |      17 |   0.0 |   423
         Sewer |       0 |       5 |   0.0 |       0 |       5 |   0.0 |    91
               +---------+---------+-------+---------+---------+-------+---------
